 Dungeon Crawl Stone Soup version 0.31-a0-331-geda263fcf1 (webtiles) character file.

Game seed: 10304856606466028715

2 tilp the Vexing (level 1, 0/13 HPs)
             Began as a Vampire Enchanter on July 19, 2023.
             Slain by a hobgoblin (2 damage)
             ... on level 1 of the Dungeon.
             The game lasted 00:00:32 (48 turns).

tilp the Vexing (Vampire Enchanter)                   Turns: 48, Time: 00:00:32

Health: 0/13       AC:  2    Str:  7    XL:     1   Next: 25%
Magic:  3/3        EV: 12    Int: 17    God:
Gold:   0          SH:  0    Dex: 14    Spells: 4/4 levels left

rFire   . . .        a - +1 dagger
rCold   . . .        (no shield)
rNeg    . . .        b - +0 robe
rPois   .            (no helmet)
rElec   .            (no cloak)
rCorr   .            (no gloves)
SInv    +            (no boots)
Will    .....        (no amulet)
Stlth   +++          (no ring)
HPRegen 0.42/turn    (no ring)
MPRegen 0.08/turn

%: no passive effects
@: healing quickly, invisible
A: alive, fangs 3, see invisible, vampiric 1
a: Exsanguinate


You were on level 1 of the Dungeon.
You visited 1 branch of the dungeon, and saw 1 of its levels.

Inventory:

Hand Weapons
 a - a +1 dagger (weapon)
Armour
 b - a +0 robe (worn)
Potions
 c - a potion of invisibility


   Skills:
 * Level 0.1 Fighting
 * Level 1.1 Short Blades
 + Level 2.2 Dodging
 + Level 4.4 Stealth
 * Level 2.0 Spellcasting
 + Level 4.4 Hexes


You had 4 spell levels left.
You didn't know any spells.
Your spell library contained the following spells:

 Spells                   Type           Power      Damage    Failure   Level
 Confusing Touch          Hex            16%        N/A       10%         3
 Tukima's Dance           Hex            16%        N/A       10%         3
 Ensorcelled Hibernation  Hex/Ice        18%        N/A       12%         2
 Dazzling Flash           Conj/Hex       18%        N/A       24%         3


Dungeon Overview and Level Annotations

Branches:
Dungeon (1/15)

Altars:


Innate Abilities, Weirdness & Mutations

Your natural rate of healing is accelerated.
You have razor-sharp teeth.
You have supernaturally acute eyesight. (SInv)
You are afflicted with vampirism.


Message History

The endoplasm closely misses you.
You don't know any spells.
Unknown command.
You hit the endoplasm but do no damage.
You bite the endoplasm, but do no damage.
The endoplasm is severely wounded.
The endoplasm hits you.
You completely miss the endoplasm.
The endoplasm is severely wounded.
The endoplasm misses you.
You barely miss the endoplasm. You bite the endoplasm.
You kill the endoplasm!
HP restored.
A hobgoblin comes into view.
A hobgoblin is nearby!
A goblin comes into view. It is wielding a +0 dagger.
An endoplasm comes into view.
A rat comes into view.
The goblin shouts!
There is a stone staircase leading down here.
Found a glowing short sword.
The hobgoblin hits you.
You hit the hobgoblin but do no damage. The hobgoblin hits you.
A dart slug comes into view.
The goblin barely misses you. The goblin attacks as you move away!
The goblin barely misses you. The hobgoblin attacks as you move away!
The hobgoblin hits you.
* * * LOW HITPOINT WARNING * * *
You hit the hobgoblin.
The hobgoblin is lightly wounded.
You closely miss the goblin. The hobgoblin hits you.
* * * LOW HITPOINT WARNING * * *
The goblin hits you with a +0 dagger.
* * * LOW HITPOINT WARNING * * *
You hit the hobgoblin.
The hobgoblin is heavily wounded.
The hobgoblin misses you. The goblin hits you with a +0 dagger.
* * * LOW HITPOINT WARNING * * *
You fade into invisibility!
The hobgoblin hits you.
You die...

###### ..
############.....##
..##..................
......................
......................
.............>........
.........#............
.........#............
........@gr...w.......
........g####+#......)
.........# .....##
.........## .......
..........+ .......
..........# ..w..
##.#......#.#..
.....##..##.#..
................


You could see a dart slug (unable to see you), a hobgoblin (unable to see you),
a goblin (unable to see you) and a rat (unable to see you).

Vanquished Creatures
  An endoplasm (D:1)
  A rat (D:1)
2 creatures vanquished.

Notes
Turn   | Place    | Note
-------+----------+-------------------------------------------
     0 | D:1      | tilp the Vampire Enchanter began the quest for the Orb.
     0 | D:1      | Reached XP level 1. HP: 13/13 MP: 3/3
    48 | D:1      | Slain by a hobgoblin

Illustrated notes

Levels and vault maps discovered:
D:1:      dpeg_arrival_windows_large_door, layout_basic, serial_shops,
          nicolae_shop_tiny_waterfront, hangedman_decor_riveting, moated_statue

Action                     || total
---------------------------++-------
  Melee: Dagger            ||    10
         Bite              ||     2
    Use: Potion            ||     1
   Stab: Sleeping          ||     1
  Dodge: Dodged            ||     5

Table legend: (Time is in decaauts)
 A = Elapsed time spent in this place.
 B = Non-inter-level travel time spent in this place.
 C = Inter-level travel time spent in this place.
 D = Time resting spent in this place.
 E = Time spent auto-exploring this place.
 F = Levels seen in this place.
 G = Mean time per level.
                   A        B        C        D        E       F      G
               +--------+--------+--------+--------+--------+-----+--------+
         Total |     47 |     47 |      0 |      0 |      9 |   1 |   47.0 |
       Dungeon |     47 |     47 |      0 |      0 |      9 |   1 |   47.0 |
               +--------+--------+--------+--------+--------+-----+--------+

Top non-repeatable levels by time:
     D:1: 47 daAuts
